 Dungeon Crawl Stone Soup version 0.30-a0-122-g2a1322497e (webtiles) character file.

Game seed: 9681633299638163877

4218 IndexError the Reanimator (level 10, 0/67 (74) HPs)
             Began as a Gnoll Necromancer on Sept 16, 2022.
             Was an Initiate of Ashenzari.
             Slain by a wight
             ... wielding a +2 battleaxe
              (3 damage)
             ... on level 8 of the Dungeon.
             The game lasted 00:24:49 (9855 turns).

IndexError the Reanimator (Gnoll Necromancer)       Turns: 9855, Time: 00:24:49

HP:   0/67 (74)     AC:  9    Str:  8    XL:     10   Next: 30%
MP:   17/21         EV: 18    Int: 19    God:    Ashenzari [......]
Gold: 323           SH:  0    Dex: 12    Spells: 8/23 levels left

rFire   . . .      SeeInvis .    F - +2 dagger (elec)
rCold   . . .      Faith    .    (no shield)
rNeg    . . .      Spirit   .    a - +0 robe
rPois   .          Reflect  .    k - +0 helmet
rElec   .          Harm     .    v - +0 cloak
rCorr   .          Rampage  .    B - +2 pair of gloves
Will    .....                    G - +0 pair of boots
Stlth   +++.......               (no amulet)
HPRegen 0.21/turn                e - +4 ring of evasion
MPRegen 0.17/turn                (no ring)

@: freezing walls, drained
A: fangs 1, strong nose, distributed training
a: Renounce Religion


You were on level 8 of the Dungeon.
You worshipped Ashenzari.
Ashenzari was noncommittal.
You visited 2 branches of the dungeon, and saw 9 of its levels.

You collected 323 gold pieces.

Inventory:

Hand Weapons
 t - a +4 scimitar
   (You took it off a wight on level 8 of the Dungeon)
 F - a +2 dagger of electrocution (weapon)
   (You took it off an orc on level 6 of the Dungeon)
Armour
 a - a +0 robe (worn)
 f - a +0 robe
   (You took it off Sigmund on level 6 of the Dungeon)
 h - a +0 robe
   (You took it off a wight on level 8 of the Dungeon)
 k - a +0 helmet (worn)
   (You found it on level 2 of the Dungeon)
 q - a +0 leather armour
   (You took it off an orc on level 6 of the Dungeon)
 s - a +0 scale mail
   (You took it off an orc on level 6 of the Dungeon)
 v - a +0 cloak (worn)
   (You took it off Crazy Yiuf on level 3 of the Dungeon)
 z - a +0 robe
   (You took it off an orc wizard on level 6 of the Dungeon)
 A - a +0 robe
   (You took it off a wight on level 8 of the Dungeon)
 B - a +2 pair of gloves (worn)
   (You found it on level 5 of the Dungeon)
 D - a +0 robe
   (You took it off a wight on level 8 of the Dungeon)
 G - a +0 pair of boots (worn)
   (You found it on level 6 of the Dungeon)
 I - a +0 ring mail
   (You found it on level 6 of the Dungeon)
 L - a +0 ring mail
   (You found it on level 7 of the Dungeon)
 M - a +0 robe
   (You found it on level 7 of the Dungeon)
 N - a +0 chain mail
   (You took it off an orc on level 7 of the Dungeon)
 O - a +0 ring mail
   (You took it off an orc on level 7 of the Dungeon)
 Q - a +0 leather armour
   (You took it off an orc on level 7 of the Dungeon)
 R - a +0 leather armour
   (You found it on level 7 of the Dungeon)
 S - a +0 robe
   (You took it off a wight on level 7 of the Dungeon)
 U - a +0 robe
   (You took it off an orc wizard on level 8 of the Dungeon)
 V - a +0 leather armour
   (You took it off an orc on level 8 of the Dungeon)
 W - a +0 ring mail
   (You took it off an orc on level 8 of the Dungeon)
Jewellery
 e - a +4 ring of evasion (left hand)
   (You found it on level 1 of the Dungeon)
 P - a +6 ring of dexterity
   (You took it off an orc on level 7 of the Dungeon)
Wands
 l - a wand of paralysis (10)
   (You found it on level 8 of the Dungeon)
 u - a wand of flame (14)
   (You took it off Natasha on level 3 of the Dungeon)
 K - a wand of polymorph (7)
   (You found it on level 7 of the Dungeon)
 T - a wand of iceblast (6)
   (You found it on level 8 of the Dungeon)
Scrolls
 c - 3 scrolls of fog
 i - a scroll of poison {!r}
 r - a scroll of teleportation
 x - a scroll of magic mapping {!r}
 y - a scroll of blinking {!r}
 E - a scroll of noise {!r}
Potions
 b - 2 potions of magic
 d - a potion of lignification {!q}
 g - a potion of ambrosia
 j - 3 potions of flight {unknown}
 m - 3 potions of berserk rage {unknown}
 n - 6 potions of curing {unknown}
 o - 4 potions of haste {unknown}
 p - 2 potions of attraction {unknown}
 w - a potion of mutation {!q}
 C - a potion of might
 H - 3 potions of brilliance
 J - 2 potions of heal wounds


   Skills:
 + Level 5.3 Fighting
 + Level 5.3 Short Blades
 + Level 5.3 Long Blades
 + Level 5.3 Axes
 + Level 5.3 Maces & Flails
 + Level 5.3 Polearms
 + Level 5.3 Staves
 + Level 5.3 Ranged Weapons
 + Level 5.3 Throwing
 + Level 5.3 Armour
 + Level 7.1 Dodging
 + Level 6.8 Stealth
 + Level 5.3 Shields
 + Level 5.3 Unarmed Combat
 + Level 7.4 Spellcasting
 + Level 4.4 Conjurations
 + Level 4.4 Hexes
 + Level 4.4 Summonings
 + Level 8.4 Necromancy
 + Level 4.4 Translocations
 + Level 4.4 Transmutations
 + Level 4.4 Fire Magic
 + Level 4.4 Ice Magic
 + Level 4.4 Air Magic
 + Level 4.4 Earth Magic
 + Level 4.4 Poison Magic
 + Level 5.9 Invocations
 + Level 5.3 Evocations


You had 8 spell levels left.
You knew the following spells:

 Your Spells              Type           Power      Damage    Failure   Level
a - Necrotise             Necr           100%       1d9       1%          1
b - Cigotuvi's Dreadful   Necr/Pois/Air  58%        N/A       1%          2
c - Blink                 Tloc           46%        N/A       2%          2
d - Frozen Ramparts       Ice            46%        1d7       4%          3
x - Vampiric Draining     Necr           39%        2d8       1%          3
A - Animate Dead          Necr           39%        N/A       3%          4

Your spell library contained the following spells:

 Spells                   Type           Power      Damage    Failure   Level
 Freeze                   Ice            92%        1d10      1%          1
 Poisonous Vapours        Pois/Air       46%        N/A       2%          2
 Lesser Beckoning         Tloc           23%        N/A       4%          3
 Agony                    Necr           39%        N/A       9%          5
 Hailstorm                Conj/Ice       23%        3d7       16%         4
 Manifold Assault         Tloc           23%        N/A       16%         4


Dungeon Overview and Level Annotations

Branches:
Dungeon (8/15)             Temple (1/1) D:7
   Lair: D:8-11

Altars:
Ashenzari
Cheibriados
Dithmenos
Elyvilon
Fedhas
Gozag
Hepliaklqana
Kikubaaqudgha
Nemelex Xobeh
Qazlal
Ru
Sif Muna
Trog
Uskayaw
Vehumet
Wu Jian
Xom
Yredelemnul
Zin
The Shining One

Annotations:
D:5 3 runed translucent doors, Malachi's ghost, novice GnTm
D:7 2 transporters, motoroller71's ghost, novice OgTm
D:8 Maggie


Innate Abilities, Weirdness & Mutations

You have very sharp teeth.
Your uncanny sense of smell can sniff out nearby items.
Your experience applies equally to all skills.


Message History

The wall freezes the gnoll bouda.
You closely miss the gnoll bouda.
You bite the gnoll bouda, but do no damage.
The wall freezes the gnoll.
The wight resists.
The wall freezes the wight.
The wight hits you but does no damage.
The wall freezes the gnoll bouda but does no damage.
The gnoll bouda hits you with a +0 whip.
Danger x4: wight x4!
You take 3 damage, and have 46/72 hp.
You hit the gnoll bouda but do no damage.
Lightning courses through the gnoll bouda!!
You hit the wight.
The gnoll is no longer moving quickly.
The wall freezes the wight but does no damage.
The wight resists.
The wall freezes the wight.
You hit the wight but do no damage. Lightning courses through the wight!
The wall freezes the wight but does no damage.
Your life force feels restored.
Warning x3: The wight can drain you in melee! x3
You hit the wight. You punch the wight, but do no damage.
Your attacks no longer feel as feeble.
You hit the wight but do no damage. Your punch misses the wight.
The wight misses you.
The wight completely resists.
The wall freezes the wight but does no damage.
The wight completely resists.
The wall freezes the wight but does no damage.
The wight hits you but does no damage.
Warning x3: The wight can drain you in melee! x3
You barely miss the wight. The wight barely misses you.
The wight resists.
The wall freezes the wight.
The wight completely resists.
The wall freezes the wight but does no damage.
The wight completely misses you.
You hit the wight.
The wight completely resists.
The wall freezes the wight but does no damage. x2
The wight barely misses you.
Warning x3: The wight can drain you in melee! x3
You hit the wight. Your bite misses the wight.
The frozen ramparts melt away.
You hit the wight but do no damage. The wight closely misses you. x2
The wight hits you with a +2 short sword.
You feel drained.
You take 1 damage, and have 46/73 hp.
Casting: Frozen Ramparts (dangerous; 4% risk of failure)
Confirm with . or Enter, or press ? or * to list all spells.
Casting: Frozen Ramparts (dangerous; 4% risk of failure)
Press: ? - help, Dir - look around, f - activate An open door.
The walls around you are covered in ice.
The wall freezes the wight but does no damage.
The wight misses you.
The wight completely resists.
The wall freezes the wight but does no damage.
The wight hits you with a +2 short sword.
The wight hits you from afar with a +0 spear.
You feel drained.
The wall freezes the gnoll!
Warning x3: The wight can drain you in melee! x3
You take 8 damage, and have 38/72 hp.
You now have 16/21 mp.
You are too injured to fight recklessly!
You are too injured to fight recklessly!
You are too injured to fight recklessly!
You are too injured to fight recklessly!
You hit the wight.
The wight completely resists.
The wall freezes the wight but does no damage.
The wight barely misses you. The wight misses you.
Warning x3: The wight can drain you in melee! x3
You hit the wight. You closely miss the wight.
The wight completely resists.
The wall freezes the wight but does no damage.
The wight hits you with a +2 short sword.
You feel drained.
The wight completely resists.
The wall freezes the wight but does no damage.
The wight hits you with a +2 battleaxe!
* * * LOW HITPOINT WARNING * * *
The wight hits you but does no damage.
Warning x3: The wight can drain you in melee! x3
You take 18 damage, and have 21/70 hp.
MASSIVE DAMAGE!!
You closely miss the wight.
The wight hits you from afar with a +0 spear.
* * * LOW HITPOINT WARNING * * *
You feel drained.
* * * LOW HITPOINT WARNING * * *
The wall freezes the wight but does no damage.
The wight misses you.
Warning x3: The wight can drain you in melee! x3
You take 6 damage, and have 15/69 hp.
You hit the wight but do no damage. You hit the wight but do no damage.
Lightning courses through the wight!
The wall freezes the wight but does no damage.
The wight completely misses you.
Warning x2: The wight can drain you in melee! x2
You hit the wight.
The wight completely resists.
The wall freezes the wight but does no damage.
The wight hits you with a +2 battleaxe.
* * * LOW HITPOINT WARNING * * *
You feel drained. The wight hits you but does no damage.
You take 2 damage, and have 13/69 hp.
You hit the wight. You bite the wight, but do no damage.
The wight hits you from afar with a +0 spear.
* * * LOW HITPOINT WARNING * * *
The wall freezes the wight but does no damage.
The wight hits you with a +2 battleaxe!
* * * LOW HITPOINT WARNING * * *
You feel drained.
You die...

*,,,,#####'###....######..##..
*,,,.#.......#....#........#..
*,,,.'.......#....'........#..
*,,,,#....).)#....#........#..
****,,,,*∆,**#..#....###..#.#....
,,,,,,,**,,**#..#........########
,,,,,,,*,,,,,#z.#........# #
,,,,,,,*,,,,,#..#........# #
,,,,,,,*,,,,,#)z@........# #
,,,,,,,******####.)......# #####
******,,,∆.......#)####### #....
*,,,,.......'...# #....
*,,,,.......#...# #....
*,,,,.......##.## #....
*****##.....,*## #.... #.....,*
#.... #.....,* #....


You could see 2 wights.

Vanquished Creatures
  A cyclops (D:7)
  The ghost of zyera the Reanimator, a novice DsNe (D:5)
  Sigmund (D:6)
  A yak (D:7)
  2 sky beasts
  An ice beast (D:5)
  4 ogres
  A centaur (D:5)
  3 phantoms
  4 bullfrogs
  3 necrophages
  5 scorpions
  6 wights
  4 howler monkeys (D:7)
  A jelly (D:6)
  2 hounds
  Crazy Yiuf (D:3)
  An orc priest (D:8)
  3 gnoll boudas
  7 iguanas
  Natasha (thrice) (D:3)
  3 orc wizards
  15 gnolls
  12 adders
  An ufetubus (D:7)
  A worm (D:2)
  3 dart slugs (D:1)
  16 orcs
  A bat (D:3)
  8 endoplasms
  A giant cockroach (D:1)
  11 hobgoblins
  4 quokkas
  7 ball pythons
  4 frilled lizards
  9 goblins
  6 kobolds
  6 rats
  A bush (D:5)
164 creatures vanquished.

Vanquished Creatures (collateral kills)
  An ice beast (D:7)
  An iguana (D:5)
  A gnoll (D:5)
  A white imp (D:7)
  An orc (D:7)
  An endoplasm (D:3)
  A kobold (D:4)
  A bat (D:2)
  A rat (D:1)
9 creatures vanquished.

Vanquished Creatures (others)
  2 withered plants (D:6)
2 creatures vanquished.

Grand Total: 175 creatures vanquished

Notes
Turn   | Place    | Note
-------+----------+-------------------------------------------
     0 | D:1      | IndexError the Gnoll Necromancer began the quest for the
                  | Orb.
     0 | D:1      | Reached XP level 1. HP: 13/13 MP: 6/6
   143 | D:1      | Reached XP level 2. HP: 19/19 MP: 1/7
   862 | D:1      | Reached skill level 5 in Spellcasting
   862 | D:1      | Reached XP level 3. HP: 25/25 MP: 7/9
  1138 | D:2      | Reached skill level 1 in Invocations
  1293 | D:2      | Reached skill level 1 in Fighting
  1293 | D:2      | Reached skill level 1 in Short Blades
  1293 | D:2      | Reached skill level 1 in Long Blades
  1293 | D:2      | Reached skill level 1 in Axes
  1293 | D:2      | Reached skill level 1 in Maces & Flails
  1293 | D:2      | Reached skill level 1 in Polearms
  1293 | D:2      | Reached skill level 1 in Staves
  1293 | D:2      | Reached skill level 1 in Ranged Weapons
  1293 | D:2      | Reached skill level 1 in Throwing
  1293 | D:2      | Reached skill level 1 in Armour
  1293 | D:2      | Reached skill level 1 in Shields
  1293 | D:2      | Reached skill level 1 in Unarmed Combat
  1293 | D:2      | Reached skill level 1 in Evocations
  1297 | D:2      | Learned a level 3 spell: Vampiric Draining
  1300 | D:2      | Learned a level 2 spell: Cigotuvi's Dreadful Rot
  1342 | D:2      | Reached XP level 4. HP: 10/32 MP: 7/11
  1343 | D:2      | HP: 8/32 [poisoned by an adder]
  1348 | D:2      | HP: 4/32 [poisoned by an adder]
  1670 | D:2      | Reached skill level 1 in Conjurations
  1670 | D:2      | Reached skill level 1 in Hexes
  1670 | D:2      | Reached skill level 1 in Summonings
  1670 | D:2      | Reached skill level 1 in Translocations
  1670 | D:2      | Reached skill level 1 in Transmutations
  1670 | D:2      | Reached skill level 1 in Fire Magic
  1670 | D:2      | Reached skill level 1 in Ice Magic
  1670 | D:2      | Reached skill level 1 in Air Magic
  1670 | D:2      | Reached skill level 1 in Earth Magic
  1670 | D:2      | Reached skill level 1 in Poison Magic
  2309 | D:3      | Found a runed translucent door.
  2310 | D:3      | Noticed Crazy Yiuf
  2595 | D:3      | Reached XP level 5. HP: 37/37 MP: 12/12
  2678 | D:3      | Noticed Natasha
  2682 | D:3      | Killed Natasha
  2797 | D:3      | Noticed Natasha
  2803 | D:3      | Killed Natasha
  2859 | D:3      | Noticed Natasha
  2863 | D:3      | Killed Natasha
  2864 | D:3      | Reached skill level 2 in Invocations
  3152 | D:3      | Killed Crazy Yiuf
  3153 | D:3      | Reached XP level 6. HP: 39/43 MP: 7/14
  3373 | D:4      | Reached skill level 2 in Fighting
  3373 | D:4      | Reached skill level 2 in Short Blades
  3373 | D:4      | Reached skill level 2 in Long Blades
  3373 | D:4      | Reached skill level 2 in Axes
  3373 | D:4      | Reached skill level 2 in Maces & Flails
  3373 | D:4      | Reached skill level 2 in Polearms
  3373 | D:4      | Reached skill level 2 in Staves
  3373 | D:4      | Reached skill level 2 in Ranged Weapons
  3373 | D:4      | Reached skill level 2 in Throwing
  3373 | D:4      | Reached skill level 2 in Armour
  3373 | D:4      | Reached skill level 5 in Dodging
  3373 | D:4      | Reached skill level 2 in Shields
  3373 | D:4      | Reached skill level 2 in Unarmed Combat
  3373 | D:4      | Reached skill level 2 in Evocations
  3818 | D:4      | Reached XP level 7. HP: 50/50 MP: 15/15
  4023 | D:4      | Reached skill level 2 in Conjurations
  4023 | D:4      | Reached skill level 2 in Hexes
  4023 | D:4      | Reached skill level 2 in Summonings
  4023 | D:4      | Reached skill level 2 in Translocations
  4023 | D:4      | Reached skill level 2 in Transmutations
  4023 | D:4      | Reached skill level 2 in Fire Magic
  4023 | D:4      | Reached skill level 2 in Ice Magic
  4023 | D:4      | Reached skill level 2 in Air Magic
  4023 | D:4      | Reached skill level 2 in Earth Magic
  4023 | D:4      | Reached skill level 2 in Poison Magic
  4102 | D:4      | Reached skill level 5 in Stealth
  4356 | D:4      | Reached skill level 3 in Invocations
  4710 | D:5      | Entered Level 5 of the Dungeon
  4988 | D:5      | Found a radiant altar of Vehumet.
  4988 | D:5      | Found a sparkling altar of Nemelex Xobeh.
  4993 | D:5      | Found a shimmering altar of Xom.
  4996 | D:5      | Found a hide-covered altar of Uskayaw.
  4998 | D:5      | Found a bloodstained altar of Trog.
  5003 | D:5      | Found a basalt altar of Yredelemnul.
  5024 | D:5      | Reached skill level 3 in Fighting
  5024 | D:5      | Reached skill level 3 in Short Blades
  5024 | D:5      | Reached skill level 3 in Long Blades
  5024 | D:5      | Reached skill level 3 in Axes
  5024 | D:5      | Reached skill level 3 in Maces & Flails
  5024 | D:5      | Reached skill level 3 in Polearms
  5024 | D:5      | Reached skill level 3 in Staves
  5024 | D:5      | Reached skill level 3 in Ranged Weapons
  5024 | D:5      | Reached skill level 3 in Throwing
  5024 | D:5      | Reached skill level 3 in Armour
  5024 | D:5      | Reached skill level 3 in Shields
  5024 | D:5      | Reached skill level 3 in Unarmed Combat
  5024 | D:5      | Reached skill level 3 in Evocations
  5024 | D:5      | Reached XP level 8. HP: 56/58 MP: 11/16
  5120 | D:5      | Reached skill level 6 in Spellcasting
  5385 | D:5      | Found a runed translucent gate.
  5385 | D:5      | Found a runed translucent gate.
  5385 | D:5      | Found a runed translucent gate.
  5387 | D:5      | Noticed Malachi's ghost (novice GnTm)
  5596 | D:5      | Learned a level 4 spell: Animate Dead
  6071 | D:5      | Reached skill level 4 in Invocations
  6094 | D:5      | Reached skill level 3 in Conjurations
  6094 | D:5      | Reached skill level 3 in Hexes
  6094 | D:5      | Reached skill level 3 in Summonings
  6094 | D:5      | Reached skill level 3 in Translocations
  6094 | D:5      | Reached skill level 3 in Transmutations
  6094 | D:5      | Reached skill level 3 in Fire Magic
  6094 | D:5      | Reached skill level 3 in Ice Magic
  6094 | D:5      | Reached skill level 3 in Air Magic
  6094 | D:5      | Reached skill level 3 in Earth Magic
  6094 | D:5      | Reached skill level 3 in Poison Magic
  6321 | D:5      | Found an opulent altar of Gozag.
  6718 | D:6      | Reached skill level 6 in Dodging
  6738 | D:6      | Reached XP level 9. HP: 58/65 MP: 6/18
  6922 | D:6      | Reached skill level 4 in Fighting
  6922 | D:6      | Reached skill level 4 in Short Blades
  6922 | D:6      | Reached skill level 4 in Long Blades
  6922 | D:6      | Reached skill level 4 in Axes
  6922 | D:6      | Reached skill level 4 in Maces & Flails
  6922 | D:6      | Reached skill level 4 in Polearms
  6922 | D:6      | Reached skill level 4 in Staves
  6922 | D:6      | Reached skill level 4 in Ranged Weapons
  6922 | D:6      | Reached skill level 4 in Throwing
  6922 | D:6      | Reached skill level 4 in Armour
  6922 | D:6      | Reached skill level 4 in Shields
  6922 | D:6      | Reached skill level 4 in Unarmed Combat
  6922 | D:6      | Reached skill level 4 in Evocations
  7321 | D:6      | Found a runed translucent door.
  7321 | D:6      | Noticed zyera's ghost (novice DsNe)
  7375 | D:6      | Reached skill level 6 in Stealth
  7375 | D:6      | Reached skill level 8 in Necromancy
  7488 | D:6      | Noticed Sigmund
  7495 | D:6      | Killed Sigmund
  7595 | D:6      | Found an ancient bone altar of Kikubaaqudgha.
  7803 | D:5      | Killed zyera's ghost
  7804 | D:5      | Reached skill level 5 in Invocations
  8043 | D:7      | Found a transporter.
  8118 | D:7      | Found a staircase to the Ecumenical Temple.
  8189 | D:7      | Found a transporter.
  8213 | D:7      | Noticed motoroller71's ghost (novice OgTm)
  8259 | D:7      | Noticed a cyclops
  8264 | D:7      | Killed a cyclops
  8265 | D:7      | Reached skill level 7 in Spellcasting
  8265 | D:7      | Reached skill level 4 in Conjurations
  8265 | D:7      | Reached skill level 4 in Hexes
  8265 | D:7      | Reached skill level 4 in Summonings
  8265 | D:7      | Reached skill level 4 in Translocations
  8265 | D:7      | Reached skill level 4 in Transmutations
  8265 | D:7      | Reached skill level 4 in Fire Magic
  8265 | D:7      | Reached skill level 4 in Ice Magic
  8265 | D:7      | Reached skill level 4 in Air Magic
  8265 | D:7      | Reached skill level 4 in Earth Magic
  8265 | D:7      | Reached skill level 4 in Poison Magic
  8448 | D:7      | Reached skill level 5 in Fighting
  8448 | D:7      | Reached skill level 5 in Short Blades
  8448 | D:7      | Reached skill level 5 in Long Blades
  8448 | D:7      | Reached skill level 5 in Axes
  8448 | D:7      | Reached skill level 5 in Maces & Flails
  8448 | D:7      | Reached skill level 5 in Polearms
  8448 | D:7      | Reached skill level 5 in Staves
  8448 | D:7      | Reached skill level 5 in Ranged Weapons
  8448 | D:7      | Reached skill level 5 in Throwing
  8448 | D:7      | Reached skill level 5 in Armour
  8448 | D:7      | Reached skill level 5 in Shields
  8448 | D:7      | Reached skill level 5 in Unarmed Combat
  8448 | D:7      | Reached skill level 5 in Evocations
  8448 | D:7      | Reached XP level 10. HP: 35/74 MP: 14/20
  8698 | D:7      | Learned a level 2 spell: Blink
  8820 | D:7      | Learned a level 3 spell: Frozen Ramparts
  8871 | D:7      | Reached skill level 7 in Dodging
  9119 | Temple   | Entered the Ecumenical Temple
  9237 | Temple   | Became a worshipper of Ashenzari the Shackled
  9680 | D:8      | Noticed Maggie
  9851 | D:8      | HP: 17/70 [wight/+0 spear (4)]
  9855 | D:8      | HP: 3/69 [wight/+2 battleaxe (9)]
  9855 | D:8      | Slain by a wight

Illustrated notes

Levels and vault maps discovered:
D:1:      saegor_arrival_miasma, layout_loops_ring
D:2:      layout_loops_cross
D:3:      layout_loops_ring, uniq_crazy_yiuf_cottage, uniq_natasha
D:4:      minmay_thick_lines, layout_gridville
D:5:      layout_basic, nicolae_overflow_hallway_of_the_gods,
          nicolae_gozag_cash_rules_everything_around_me,
          ebering_ghost_rock_garden, minmay_misc_feat_doors, minmay_hedge_maze
D:6:      layout_loops_ring, kiku_gazebo_garden_becter, gammafunk_ghost_grave,
          uniq_sigmund
D:7:      minmay_inner_zag, layout_rooms, minmay_temple_entry_overgrown,
          gammafunk_ghost_stat_death, minmay_misc_feat_rows,
          kennysheep_generic_room_10
D:8:      layout_gridville, mainiacjoe_overflow_concentric_impassable,
          uniq_grum, uniq_maggie, uniq_prince_ribbit1, uniq_maurice
Temple:   nicolae_temple_godzebo

Skill      XL: |  1  2  3  4  5  6  7  8  9 10 |
---------------+-------------------------------+-----
Spellcasting   | 5 6 7 |  7.4
Invocations    | 1 2 3 4 5 |  5.9
Fighting       | 1 2 3 5 |  5.3
Short Blades   | 1 2 3 5 |  5.3
Long Blades    | 1 2 3 5 |  5.3
Axes           | 1 2 3 5 |  5.3
Maces & Flails | 1 2 3 5 |  5.3
Polearms       | 1 2 3 5 |  5.3
Staves         | 1 2 3 5 |  5.3
Ranged Weapons | 1 2 3 5 |  5.3
Throwing       | 1 2 3 5 |  5.3
Armour         | 1 2 3 5 |  5.3
Shields        | 1 2 3 5 |  5.3
Unarmed Combat | 1 2 3 5 |  5.3
Evocations     | 1 2 3 5 |  5.3
Conjurations   | 1 2 3 4 |  4.4
Hexes          | 1 2 3 4 |  4.4
Summonings     | 1 2 3 4 |  4.4
Translocations | 1 2 3 4 |  4.4
Transmutations | 1 2 3 4 |  4.4
Fire Magic     | 1 2 3 4 |  4.4
Ice Magic      | 1 2 3 4 |  4.4
Air Magic      | 1 2 3 4 |  4.4
Earth Magic    | 1 2 3 4 |  4.4
Poison Magic   | 1 2 3 4 |  4.4
Dodging        | 5 6 7 |  7.1
Stealth        | 5 6 |  6.8
Necromancy     | 8 |  8.4

Action                   |  1- 3 |  4- 6 |  7- 9 | 10-12 || total
-------------------------+-------+-------+-------+-------++-------
Melee: Dagger            |    40 |    71 |   255 |    94 ||   460
       Bite              |     5 |     5 |    34 |     9 ||    53
       Punch             |     1 |       |     8 |     2 ||    11
 Cast: Necrotise         |    30 |    50 |   139 |    29 ||   248
       Cigotuvi's Dreadf |       |     1 |     4 |     1 ||     6
       Frozen Ramparts   |       |       |       |     3 ||     3
  Use: Scroll            |       |       |       |    15 ||    15
 Stab: Sleeping          |    11 |     9 |    14 |       ||    34
       Distracted        |       |     1 |       |       ||     1
Armor: Robe              |     2 |     6 |    45 |    12 ||    65
Dodge: Dodged            |    25 |    55 |   169 |    77 ||   326

Table legend: (Time is in decaauts)
 A = Elapsed time spent in this place.
 B = Non-inter-level travel time spent in this place.
 C = Inter-level travel time spent in this place.
 D = Time resting spent in this place.
 E = Time spent auto-exploring this place.
 F = Levels seen in this place.
 G = Mean time per level.
                   A        B        C        D        E       F      G
               +--------+--------+--------+--------+--------+-----+--------+
         Total |   9800 |   8717 |   1083 |      0 |   6933 |   9 | 1088.9 |
       Dungeon |   9657 |   8610 |   1047 |      0 |   6835 |   8 | 1207.1 |
        Temple |    143 |    107 |     36 |      0 |     98 |   1 |  143.0 |
               +--------+--------+--------+--------+--------+-----+--------+

Top non-repeatable levels by time:
     D:5: 1773 daAuts
     D:4: 1462 daAuts
     D:7: 1375 daAuts
     D:3: 1264 daAuts
     D:6: 1218 daAuts
     D:2: 1159 daAuts
     D:1: 1099 daAuts
     D:8: 304 daAuts
  Temple: 143 daAuts

Table legend:
 A = Kills in this place as a percentage of kills in entire the game.
 B = Kills by you in this place as a percentage of kills by you in the entire game.
 C = Kills by friends in this place as a percentage of kills by friends in the entire game.
 D = Other kills in this place as a percentage of other kills in the entire game.
 E = Experience gained in this place as a percentage of experience gained in the entire game.
 F = Experience gained in this place divided by the number of levels of this place that you have seen.
                   A       B       C       D       E      F
               +-------+-------+-------+-------+-------+----------------------
         Total | 100.0 | 100.0 | 100.0 |   N/A | 100.0 | 669.6
       Dungeon | 100.0 | 100.0 | 100.0 |   N/A | 100.0 | 753.2
               +-------+-------+-------+-------+-------+----------------------
